Map: Terraform LE (Void)

Players

Javert - Winner!

  • Race: Zerg Zerg
  • League: Gold

Kobetron

  • Race: Protoss Protoss
  • League: Grandmaster

VOD

Have the link to the VOD?

Description

Time

  • Played on: Sept. 16, 2015, 1:48 a.m.
  • Length: 13:36
Show
View Real Time Build Order
Export as new Build Order

Javert Zerg - Winner!

Build Orders: 3 Hatch before Pool, Lurkers 

Get SALT Encoding   

  12  0:01  Drone  
  13  0:17  Overlord  
  13  0:20  Drone  
  14  0:36  Drone  
  14  0:37  Drone  
  14  0:40  Drone  
  17  0:56  Hatchery  
  16  1:00  Drone  
  17  1:27  Hatchery  
  16  1:40  Extractor  
  15  1:49  Drone x2, Spawning Pool  
  15  1:50  Drone, Extractor  
  17  2:02  Drone  
  18  2:11  Drone  
  18  2:12  Drone  
  20  2:24  Extractor  
  20  2:29  Overlord  
  19  2:42  Roach Warren  
  19  2:43  Drone x5  
  23  3:00  Queen  
  23  3:03  Queen  
  27  3:06  Queen  
  27  3:10  Drone  
  30  3:14  Metabolic Boost  
  30  3:21  Drone x2  
  32  3:32  Drone x4  
  32  3:33  Drone  
  37  3:43  Overlord x2  
  37  3:49  Roach x2  
  37  3:54  Zergling x2  
  42  4:02  Queen  
  44  4:04  Zergling x8  
  48  4:10  Roach  
  48  4:11  Roach  
  52  4:19  Spine Crawler  
  51  4:24  Zergling x10  
  54  4:44  Drone  
  54  4:45  Drone x6  
  58  5:06  Overlord  
  58  5:08  Lair  
  58  5:11  Extractor x2  
  58  5:12  Extractor  
  55  5:16  Evolution Chamber, Overlord x2  
  55  5:18  Evolution Chamber, Extractor  
  55  5:19  Drone x6  
  55  5:20  Extractor  
  57  5:40  Roach x8  
  73  5:45  Overlord  
  73  5:47  Drone  
  73  5:48  Drone x3  
  77  5:55  Ravager  
  78  5:59  Zergling x6  
  78  6:00  Zergling x2  
  82  6:14  Zergling x2  
  82  6:15  Zergling x14  
  90  6:19  Overlord  
  90  6:27  Overlord x2  
  90  6:31  Glial Reconstitution  
  90  6:36  Overlord  
  90  6:37  Drone  
  90  6:38  Drone, Overlord  
  92  6:40  Zerg Missile Weapons Level 1  
  92  6:46  Drone x3  
  95  6:47  Drone x4  
  95  6:53  Drone, Hydralisk Den  
  99  6:58  Pneumatized Carapace  
  99  7:07  Drone x5  
  104  7:10  Lurker Den  
  101  7:19  Drone x7  
  108  7:27  Overlord  
  108  7:28  Overlord  
  108  7:41  Drone x9  
  108  7:42  Drone  
  118  7:51  Hydralisk  
  118  7:56  Hydralisk x2  
  118  7:57  Hydralisk x3  
  130  8:00  Overlord x2  
  130  8:04  Zerg Ground Armor Level 1  
  130  8:17  Overlord  
  130  8:18  Overseer  
  130  8:19  Overseer  
  130  8:29  Hydralisk x2  
  130  8:30  Hydralisk x4  
  142  8:37  Hatchery, Lurker, Extractor  
  142  8:38  Lurker x3  
  142  8:39  Lurker  
  145  8:42  Extractor  
  145  8:45  Drone x2  
  145  8:46  Drone x6  
  152  8:52  Zerg Missile Weapons Level 2  
  152  8:57  Lurker  
  153  9:08  Overlord x2  
  153  9:14  Infestation Pit  
  152  9:19  Muscular Augments  
  152  9:30  Hydralisk  
  152  9:31  Hydralisk x4  
  161  9:42  Overlord  
  134  10:04  Hydralisk  
  134  10:05  Hydralisk x12  
  156  10:10  Overlord  
  156  10:11  Zergling x2  
  156  10:12  Zergling x26  
  128  10:50  Roach  
  128  10:51  Roach x13  
  131  11:11  Zergling x2  
  131  11:12  Zergling x28  
  136  11:32  Hydralisk  
  126  11:33  Hydralisk x9  
  146  11:40  Hive  
  146  11:41  Hatchery, Zerg Melee Weapons Level 1  
  146  11:43  Hydralisk  
  146  11:44  Hydralisk x7  
  161  11:48  Hydralisk  
  161  11:49  Hydralisk x2  
  161  11:53  Ravager x5  
  172  11:54  Overseer  
  172  11:57  Overseer x2  
  172  12:00  Drone x3  
  172  12:01  Drone  
  176  12:02  Queen  
  178  12:10  Hydralisk x3  
  184  12:18  Overlord  
  184  12:19  Overlord x2  
  169  12:38  Queen  
  161  12:55  Hydralisk  
  161  12:56  Hydralisk x18  
  161  13:02  Overlord  
Show
View Real Time Build Order
Export as new Build Order

Kobetron Protoss 

Build Orders:  

Get SALT Encoding   

  12  0:00  Probe (Chrono Boost)  
  13  0:10  Probe (Chrono Boost)  
  14  0:18  Pylon  
  14  0:21  Probe (Chrono Boost)  
  15  0:36  Probe (Chrono Boost)  
  16  0:45  Gateway  
  16  0:46  Probe (Chrono Boost)  
  16  0:48  Assimilator  
  17  0:56  Probe (Chrono Boost)  
  18  1:06  Probe (Chrono Boost)  
  19  1:16  Probe (Chrono Boost)  
  20  1:27  Probe (Chrono Boost)  
  20  1:32  Cybernetics Core  
  21  1:37  Probe (Chrono Boost), Pylon  
  22  1:47  Probe (Chrono Boost)  
  23  1:57  Probe (Chrono Boost), Nexus  
  24  2:04  Warp Gate (Chrono Boost)  
  24  2:10  Stalker  
  26  2:25  Probe  
  27  2:34  Gateway  
  27  2:35  Gateway  
  27  2:39  Mothership Core  
  27  2:40  Zealot  
  31  2:59  Pylon  
  31  3:05  Pylon  
  31  3:08  Probe  
  31  3:09  Stalker, Probe  
  35  3:18  Probe  
  35  3:20  Assimilator  
  35  3:21  Probe  
  37  3:28  Probe  
  37  3:33  Probe  
  39  3:36  Twilight Council  
  39  3:39  Probe (Chrono Boost)  
  40  3:45  Probe (Chrono Boost)  
  41  3:50  Probe (Chrono Boost)  
  41  3:53  Sentry  
  44  3:57  Pylon  
  44  4:01  Zealot x2  
  48  4:03  Probe x2 (Chrono Boost)  
  50  4:13  Probe x2 (Chrono Boost)  
  52  4:19  Gateway  
  52  4:21  Gateway  
  52  4:23  Probe (Chrono Boost), Blink (Chrono Boost)  
  52  4:24  Probe (Chrono Boost)  
  54  4:26  Pylon  
  54  4:33  Probe (Chrono Boost)  
  53  4:46  Stalker x2  
  53  4:48  Stalker  
  53  4:51  Assimilator  
  53  4:52  Assimilator  
  59  5:06  Gateway  
  55  5:07  Gateway  
  55  5:14  Probe  
  55  5:16  Probe  
  55  5:17  Zealot x2  
  55  5:18  Zealot x2  
  65  5:22  Pylon  
  65  5:26  Pylon  
  65  5:28  Probe  
  66  5:32  Sentry  
  66  5:33  Robotics Facility  
  68  5:38  Sentry  
  68  5:39  Sentry  
  72  5:53  Adept  
  72  5:55  Adept  
  76  5:58  Nexus  
  76  6:01  Pylon  
  76  6:03  Probe  
  77  6:05  Adept  
  77  6:06  Adept  
  77  6:08  Adept  
  83  6:17  Pylon  
  83  6:20  Observer  
  84  6:27  Stalker  
  84  6:28  Stalker x2  
  84  6:29  Stalker  
  92  6:42  Pylon x2  
  92  6:46  Observer, Forge  
  92  6:48  Forge  
  93  6:55  Stalker x2  
  97  7:06  Probe x2  
  97  7:08  Probe  
  100  7:17  Zealot x4  
  100  7:18  Probe x2  
  100  7:22  Immortal  
  110  7:25  Probe  
  110  7:28  Protoss Ground Weapons Level 1 (Chrono Boost)  
  115  7:30  Probe x2  
  115  7:31  Protoss Ground Armor Level 1 (Chrono Boost)  
  117  7:44  Gateway  
  117  7:46  Gateway  
  117  7:51  Photon Cannon  
  117  8:01  Zealot  
  119  8:12  Immortal  
  123  8:13  Charge  
  123  8:19  Robotics Bay  
  123  8:21  Probe  
  123  8:23  Probe x2  
  126  8:27  Zealot x4  
  134  8:35  Probe  
  134  8:37  Probe  
  134  8:38  Probe  
  137  8:47  Probe  
  138  8:55  Pylon x2  
  138  8:56  Pylon  
  138  8:57  Pylon  
  138  9:02  Pylon  
  141  9:03  Immortal  
  141  9:04  Pylon  
  141  9:10  Protoss Ground Weapons Level 2 (Chrono Boost)  
  141  9:11  Protoss Ground Armor Level 2 (Chrono Boost)  
  141  9:16  Stalker x4  
  149  9:17  Stalker  
  149  9:19  Sentry  
  149  9:20  Sentry  
  155  9:27  Assimilator  
  155  9:28  Assimilator  
  155  9:29  Extended Thermal Lance  
  155  9:42  Gateway  
  147  9:58  Observer  
  119  10:05  Zealot  
  119  10:06  Zealot x6  
  125  10:19  Observer  
  108  10:40  Observer  
  95  10:45  Zealot  
  95  10:49  Zealot x3  
  95  10:50  Zealot x4  
  95  10:54  Zealot  
  87  11:08  Zealot  
  87  11:11  Zealot x5  
  83  11:12  Zealot x2  
  88  11:23  Gateway  
  77  11:26  Gateway  
  77  11:28  Colossus (Chrono Boost), Gateway  
  77  11:31  Probe  
  83  11:33  Probe x2  
  86  11:43  Zealot x5  
  86  11:45  Probe x2  
  98  11:47  Sentry  
  98  11:48  Sentry  
  102  12:17  Colossus (Chrono Boost)  
  108  12:26  Stalker  
  84  12:40  Zealot  
  84  12:41  Zealot x7  
Tags
 
Add a new tag
Caveats
  • Supply blocks, unpowered buildings, or Contaminate may cause inaccurate times.
  • Supply counts are checked every 10 seconds.